 Dungeon Crawl Stone Soup version 0.30.1-9-gdf580d7c3d (webtiles) character file.

Game seed: 7858729741009783642

511 Peloso the Slasher (level 6, -1/56 HPs)
             Began as a Minotaur Fighter on Sept 29, 2023.
             Succumbed to Duvessa's poison
             ... on level 4 of the Dungeon.
             The game lasted 00:05:55 (3036 turns).

Peloso the Slasher (Minotaur Fighter)               Turns: 3036, Time: 00:05:56

Health: -1/56      AC: 12    Str: 21    XL:     6   Next: 99%
Magic:  5/5        EV:  6    Int:  5    God:
Gold:   148        SH:  5    Dex: 11    Spells: 5/5 levels left

rFire   . . .        a - +0 long sword
rCold   . . .        d - +0 buckler
rNeg    . . .        c - +0 plate armour
rPois   .            (helmet restricted)
rElec   .            (no cloak)
rCorr   .            (no gloves)
SInv    .            (no boots)
Will    .....        (no amulet) Stlth
                     (no ring)
HPRegen 0.00/turn    (no ring)
MPRegen 0.09/turn

%: no passive effects
@: mighty, lethally poisoned (-1 -> -9), inhibited regen
A: horns 2, retaliatory headbutt, inhibited regeneration
a: no special abilities


You were on level 4 of the Dungeon.
You visited 1 branch of the dungeon, and saw 4 of its levels.

You collected 148 gold pieces.

Inventory:

Hand Weapons
 a - a +0 long sword (weapon)
 b - a +0 spear of flaming
Missiles
 t - a throwing net (quivered)
Armour
 c - a +0 plate armour (worn)
 d - a +0 buckler (worn)
Scrolls
 e - a scroll of immolation {unknown}
 f - 2 scrolls of fear
 i - a scroll of enchant armour {unknown}
 j - a scroll of blinking {unknown}
 k - a scroll of vulnerability {unknown}
 l - 3 scrolls of identify
 m - a scroll of enchant weapon {unknown}
 p - 3 scrolls of teleportation {unknown}
 r - a scroll of noise {unknown}
Potions
 g - a potion of ambrosia
 h - a potion of lignification
 n - a potion of might
 o - a potion of brilliance


   Skills:
 + Level 5.2 Fighting
 + Level 6.5 Long Blades
 + Level 5.4 Armour
 + Level 1.0 Dodging
 + Level 4.5 Shields


You had 5 spell levels left.
You didn't know any spells.
Your spell library contained the following spells:

 Spells                   Type           Power      Damage    Failure   Level
 Ensorcelled Hibernation  Hex/Ice        0%         N/A       100%        2
 Passwall                 Tmut/Erth      0%         N/A       100%        2
 Swiftness                Air            0%         N/A       100%        3
 Vhi's Electric Charge    Tloc/Air       0%         N/A       100%        3
 Arcjolt                  Conj/Air       0%         1d10      100%        5
 Maxwell's Capacitive Co  Air            0%         ∞         100%        8


Dungeon Overview and Level Annotations

Branches:
Dungeon (4/15)
 Temple: D:4-7

Altars:
Uskayaw

Shops:
D:3 **

Annotations:
D:4 1 runed translucent door, Crazy Yiuf, Dowan


Innate Abilities, Weirdness & Mutations

You have a pair of horns on your head.
You reflexively headbutt those who attack you in melee.
You do not regenerate when monsters are visible.


Message History

Duvessa hits you with a +1 rapier of venom!
You are poisoned.
Duvessa hits you but does no damage.
You are more poisoned.
You hit Duvessa.
Duvessa is moderately wounded.
You feel extremely sick.
Duvessa hits you with a +1 rapier of venom.
You are lethally poisoned!
Duvessa hits you with a +1 rapier of venom.
You closely miss Duvessa.
Duvessa is moderately wounded.
You feel extremely sick.
Duvessa hits you with a +1 rapier of venom!
You are more poisoned.
You slash Duvessa!
Duvessa is severely wounded.
* * * LOW HITPOINT WARNING * * *
You feel extremely sick. Duvessa hits you but does no damage.
You are more poisoned.
Duvessa hits you but does no damage.
You feel better. You block Duvessa's attack.
Duvessa hits you with a +1 rapier of venom.
* * * LOW HITPOINT WARNING * * *
Unknown command.
You hit Duvessa.
Duvessa is severely wounded.
Duvessa hits you with a +1 rapier of venom!
* * * LOW HITPOINT WARNING * * *
You are lethally poisoned!
You slash Duvessa!
You kill Duvessa!
Dowan's eyes darken. "You have made a black mistake."
Dowan seems to find hidden reserves of power!
* * * LOW HITPOINT WARNING * * *
You feel very sick.
It was a potion of mutation.
You feel extremely strange.
Your regeneration stops near monsters.
You die...

.♣~~♣♣.~~♣~~♣♣##
..~~.~~.~~.~~..#
#♣~~♣♣..~♣♣♣♣P.# ♣♣ ♣~.P♣ ♣♣.#
#.# ♣~.♣♣ #..# S..# ♣~~~♣ #.##
. #.l# # ♣~~♣♣ #.# .. #..#
#.##♣♣.~♣###.######
....##..####..@e....[†.....).#
...........#################)#
...>##..##.####### #.#
...........).l...# #>#
..###..##.#####.# #.#
#........# #.####### #.#
#.##[.#..# #.##....# #.# #
#..#..# #.##.##.#####.##
....#..# #.##.##.........


You could see Dowan (fast).

Vanquished Creatures
  Menkaure (D:4)
  Duvessa (D:4)
  A centaur (D:4)
  A hound (D:4)
  An iguana (D:4)
  3 gnolls (D:4)
  Robin (D:3)
  3 adders
  A worm (D:2)
  7 dart slugs
  2 orcs (D:3)
  3 bats
  7 endoplasms
  3 giant cockroaches
  6 hobgoblins
  2 quokkas
  8 ball pythons
  2 frilled lizards
  14 goblins
  3 kobolds
  7 rats
  A spectral goblin (D:3)
78 creatures vanquished.

Notes
Turn   | Place    | Note
-------+----------+-------------------------------------------
     0 | D:1      | Peloso the Minotaur Fighter began the quest for the Orb.
     0 | D:1      | Reached XP level 1. HP: 19/19 MP: 0/0
   306 | D:1      | Reached XP level 2. HP: 27/27 MP: 1/1
   989 | D:2      | Reached XP level 3. HP: 31/33 MP: 2/2
   996 | D:2      | Identified the +4 ring mail "Jadoj" {Will++ Dex-4}
  1076 | D:2      | Reached skill level 3 in Long Blades
  1391 | D:3      | Reached XP level 4. HP: 10/40 MP: 3/3
  1572 | D:3      | Found a faded altar of an unknown god.
  1580 | D:3      | Reached skill level 1 in Dodging
  1620 | D:3      | Noticed Robin
  1659 | D:3      | Killed Robin
  1746 | D:3      | Found a hide-covered altar of Uskayaw.
  1896 | D:3      | Found Vott's General Store.
  1922 | D:3      | Reached skill level 4 in Long Blades
  2083 | D:3      | Found Egyel's General Store.
  2321 | D:4      | Reached XP level 5. HP: 42/46 MP: 4/4
  2429 | D:4      | Noticed a centaur
  2436 | D:4      | Killed a centaur
  2437 | D:4      | Reached skill level 5 in Long Blades
  2514 | D:4      | Found a runed translucent door.
  2515 | D:4      | Noticed Crazy Yiuf
  2547 | D:4      | Noticed Menkaure
  2554 | D:4      | Killed Menkaure
  2555 | D:4      | Reached skill level 5 in Armour
  2555 | D:4      | Reached XP level 6. HP: 8/53 MP: 5/5
  2598 | D:4      | HP: 2/53 [iguana (7)]
  2601 | D:4      | Reached skill level 6 in Long Blades
  2975 | D:4      | Reached skill level 5 in Fighting
  3012 | D:4      | Noticed Dowan
  3012 | D:4      | Noticed Duvessa
  3035 | D:4      | Killed Duvessa
  3035 | D:4      | HP: 1/56 [poisoned by Duvessa]
  3036 | D:4      | Gained mutation: You do not regenerate when monsters are
                  | visible. [potion of mutation]
  3036 | D:4      | Succumbed to Duvessa's poison

Illustrated notes

Levels and vault maps discovered:
D:1:      enne_arrival_octagon_isle, layout_basic
D:2:      layout_basic, kennysheep_generic_room_6
D:3:      layout_basic, nicolae_uskayaw_dance_hall, serial_shops, shop,
          nicolae_shop_advertising_works [nicolae_subvault_shop_adworks],
          dreamdust_ecumenical_altar_drowned_temple, uniq_robin
D:4:      minmay_bubble_buster, layout_loops_ring, serial_bayou,
          serial_bayou_pond_a, serial_bayou_shore_b, serial_bayou_shore_b,
          serial_bayou_crossing, minmay_misc_feat_encased,
          kennysheep_minor_cross, uniq_eustachio, uniq_duvessa, uniq_edmund,
          uniq_menkaure, uniq_crazy_yiuf_cottage

Skill      XL: |  1  2  3  4  5  6 |
---------------+-------------------+-----
Armour         | 4 5 |  5.4
Fighting       | 4 5 |  5.2
Long Blades    | 3 4 5 6 |  6.5
Shields        | 4 |  4.5
Dodging        | 1 |  1.0

Action                     |  1- 3 |  4- 6 || total
---------------------------+-------+-------++-------
  Melee: Long sword        |    83 |   110 ||   193
         Headbutt          |    16 |    17 ||    33
    Use: Potion            |     4 |     3 ||     7
         Scroll            |     4 |       ||     4
 Armour: Scale mail        |    19 |       ||    19
         Plate armour      |    38 |    71 ||   109
  Dodge: Dodged            |    31 |    38 ||    69
  Block: Buckler           |    25 |    26 ||    51
